 Dungeon Crawl Stone Soup version 0.20.1-1-g8b1a95d (webtiles) character file.

140 Ketharn the Slasher (level 5, -12/41 HPs)
             Began as a Human Fighter on Sept 18, 2017.
             Killed by divine providence
             ... invoked by an orc priest
              (15 damage)
             ... on level 3 of the Dungeon.
             The game lasted 00:06:03 (2071 turns).

Ketharn the Slasher (Human Fighter)                 Turns: 2071, Time: 00:06:03

Health: -12/41     AC:  7    Str: 17    XL:     5   Next: 46%
Magic:  5/5        EV:  7    Int:  8    God:
Gold:   81         SH:  9    Dex: 13    Spells: 4/4 levels left

rFire    . . .     SeeInvis .   a - +0 long sword
rCold    . . .     Gourm    .   c - +0 shield
rNeg     . . .     Faith    .   b - +0 scale mail
rPois    .         Spirit   .   (no helmet)
rElec    .         Reflect  .   (no cloak)
rCorr    .         Harm     .   (no gloves)
MR       .....                  g - +0 pair of boots
Stlth    ..........             (no amulet)
Regen    0.2/turn               (no ring)
MPRegen  0.1/turn               (no ring)

@: no status effects
A: no striking features
a: no special abilities


You were on level 3 of the Dungeon.
You were not hungry.

You visited 1 branch of the dungeon, and saw 3 of its levels.

You collected 81 gold pieces.

Inventory:

Hand Weapons
 a - a +0 long sword (weapon)
Missiles
 m - 50 stones (quivered)
Armour
 b - a +0 scale mail (worn)
 c - a +0 shield (worn)
 g - a +0 pair of boots (worn)
Jewellery
 h - a cursed ring of loudness
Scrolls
 i - a scroll of enchant armour {unknown}
 j - a scroll of recharging
 o - a scroll of fear
Potions
 d - a potion of might
 e - a potion of resistance {unknown}
 k - a potion of curing
 l - a potion of invisibility
 n - a potion of ambrosia {unknown}


   Skills:
 - Level 3.0 Fighting
 * Level 5.2 Long Blades
 - Level 3.0 Armour
 - Level 3.0 Shields


You had 4 spell levels left.
You didn't know any spells.

Dungeon Overview and Level Annotations

Branches:
Dungeon (3/15)

Altars:
Sif Muna


Message History

You closely miss the orc priest.
The orc priest is moderately wounded.
The orc priest invokes the aid of Beogh against you.
Pain shoots through your body!
* * * LOW HITPOINT WARNING * * *
The orc wizard mumbles some strange words.
The orc wizard seems to speed up.
You hit the orc priest but do no damage.
The orc priest is moderately wounded.
The orc priest hits you with a hand axe.
* * * LOW HITPOINT WARNING * * *
The orc barely misses you.
You hit the orc priest but do no damage.
The orc priest is moderately wounded.
You block the orc priest's attack.
The orc hits you from afar with a trident.
* * * LOW HITPOINT WARNING * * *
The orc priest invokes the aid of Beogh against you.
Beogh smites you!
You die...

##.# ##### ##.## #..# #...#
#.## #...# #.# #...# #(#
#...# #(# ######...#####
...####o######......(......
......ogo..................
...##.#o##@###.............
#.#.##.# ######...##### #
#....# #......# ###..#
#.#.)..# #..# #.#....# ...#
#.#....# #.## #..###.# #.
##...##)# ##.......##


You could see an orc priest, an orc wizard, an orc and a hobgoblin.

Vanquished Creatures
  2 orc wizards (D:3)
  An adder (D:2)
  An ooze (D:1)
  A worm (D:2)
  2 dart slugs
  4 leopard geckos
  3 orcs (D:3)
  2 bats (D:3)
  12 giant cockroaches
  4 goblins (D:2)
  5 hobgoblins
  2 quokkas (D:2)
  3 ball pythons
  3 frilled lizards (D:2)
  6 kobolds
  5 rats
56 creatures vanquished.

Notes
Turn   | Place    | Note
-------+----------+-------------------------------------------
     0 | D:1      | Ketharn the Human Fighter began the quest for the Orb.
     0 | D:1      | Reached XP level 1. HP: 18/18 MP: 1/1
   294 | D:1      | Reached XP level 2. HP: 24/24 MP: 2/2
   354 | D:1      | Reached skill level 3 in Long Blades
   518 | D:1      | Reached XP level 3. HP: 25/29 MP: 3/3
  1116 | D:2      | Found a deep blue altar of Sif Muna.
  1182 | D:2      | Reached XP level 4. HP: 32/35 MP: 4/4
  1210 | D:2      | Reached skill level 4 in Long Blades
  1742 | D:3      | Reached XP level 5. HP: 33/41 MP: 5/5
  2057 | D:3      | Reached skill level 5 in Long Blades
  2071 | D:3      | Killed from afar by an orc priest

Skill      XL: |  1  2  3  4  5 |
---------------+----------------+-----
Long Blades    | 3 4 5 |  5.2
Fighting       | |  3.0
Armour         | |  3.0
Shields        | |  3.0

Action                   |  1- 3 |  4- 6 || total
-------------------------+-------+-------++-------
Melee: Long sword        |    91 |    98 ||   189
  Use: Scroll            |       |     9 ||     9
  Eat: Chunk             |     1 |     1 ||     2
       Bread ration      |       |     1 ||     1
Armor: Scale mail        |    40 |    56 ||    96
Dodge: Dodged            |    18 |    26 ||    44
Block: Shield            |    42 |    59 ||   101
       Rpst.: Long sword |     5 |    10 ||    15
